 Dungeon Crawl Stone Soup version 0.26-a0-501-g57170428f2 (webtiles) character file.

Game seed: 5819153646905961360

651 Leibowitz the Chiller (level 7, 48/48 HPs)
             Began as a Merfolk Ice Elementalist on Feb 28, 2020.
             Was an Initiate of Sif Muna.
             Quit the game on level 6 of the Dungeon on Aug 7, 2020.
             The game lasted 00:26:20 (6369 turns).

Leibowitz the Chiller (Merfolk Ice Elementalist)    Turns: 6369, Time: 00:26:21

Health: 48/48      AC:  5    Str:  8    XL:     7   Next: 53%
Magic:  14/14      EV: 14    Int: 17    God:    Sif Muna [......]
Gold:   344        SH:  5    Dex: 14    Spells: 7/15 levels left

rFire    . . .     SeeInvis +   k - +0 spear
rCold    . . .     Faith    .   (no shield)
rNeg     . . .     Spirit   .   a - +0 robe
rPois    .         Reflect  +   (no helmet)
rElec    .         Harm     .   (no cloak)
rCorr    .                      (no gloves)
MR       .....                  (no boots)
Stlth    ++........             w - amulet of reflection
HPRegen  0.16/turn              A - +3 ring of protection
MPRegen  0.14/turn              z - ring of see invisible

@: no status effects
A: change form in water, swift swim, stealthy swim
a: Renounce Religion


You were on level 6 of the Dungeon.
You worshipped Sif Muna.
Sif Muna was noncommittal.
You visited 1 branch of the dungeon, and saw 6 of its levels.

You collected 344 gold pieces.

Inventory:

Hand Weapons
 k - a +0 spear (weapon)
Armour
 a - a +0 robe (worn)
Jewellery
 v - an uncursed ring of flight
 w - an amulet of reflection (around neck)
 z - a ring of see invisible (right hand)
 A - a +3 ring of protection (left hand)
Wands
 y - a wand of iceblast (13)
Scrolls
 b - 5 scrolls of teleportation {unknown}
 e - 3 scrolls of enchant weapon {unknown}
 f - 2 scrolls of immolation {unknown}
 h - 7 scrolls of remove curse {unknown}
 j - 2 scrolls of amnesia {unknown}
 l - 2 scrolls of enchant armour {unknown}
 o - a scroll of blinking {unknown}
 q - 5 scrolls of identify {unknown}
 x - a scroll of magic mapping {unknown}
Potions
 d - a potion of brilliance {unknown}
 g - 2 potions of invisibility {unknown}
 i - 3 potions of flight {unknown}
 m - a potion of degeneration {unknown}
 n - 3 potions of curing {unknown}
 p - 4 potions of heal wounds {unknown}
 r - a potion of stabbing {unknown}
 s - a potion of ambrosia {unknown}
 t - a potion of lignification {unknown}
 B - a potion of haste {unknown}
Comestibles
 c - 10 removed foods
 u - 3 removed foods


   Skills:
 + Level 1.3 Fighting
 + Level 2.6 Polearms
 + Level 4.1 Dodging
 + Level 3.1 Stealth
 * Level 4.7 Spellcasting
 * Level 1.2 Conjurations
 * Level 6.6 Ice Magic


You had 7 spell levels left.
You knew the following spells:

 Your Spells              Type           Power        Failure   Level
a - Freeze                Ice            ####         1%          1
b - Frozen Ramparts       Ice            ####..       3%          3
c - Hailstorm             Conj/Ice       ###.....     28%         4

Your spell library contained the following spells:

 Spells                   Type           Power        Failure   Level
 Ozocubu's Armour         Ice            ####....     3%          3
 Summon Ice Beast         Ice/Summ       ###.....     36%         4


Dungeon Overview and Level Annotations

Branches:
Dungeon (6/15)
 Temple: D:4-7

Altars:
Ashenzari
Dithmenos
Sif Muna
Trog
Uskayaw
Vehumet
Xom


Message History

You see here a mace.
You see here a mace.
f - 2 scrolls labeled LOUR KIBLO (gained 1) Done exploring.
There is a stone staircase leading down here.
You climb downwards.
There is a stone staircase leading up here.
Save game and exit?
Welcome back, Leibowitz the Merfolk Ice Elementalist.
Sif Muna whispers: I know many secrets...
Press ? for a list of commands and other information.
Quiver which item? (- for none, * to show all) (? for menu, Esc to quit)
Okay, then.
Your movement speed is average.
Your attack speed is above average.
Unknown command.
Quiver which item? (- for none, * to show all) (? for menu, Esc to quit)
You don't have any such object.
Quiver which item? (- for none, * to show all) (? for menu, Esc to quit)
Okay, then.
Are you sure you want to abandon this character and quit the game? (Confirm with "yes".)

...
#..
#.#
#.#
...
#.#
#.#
#@#
#.#
#..
#..#
#..#
#..#
.#..
# .#


There were no monsters in sight!

Vanquished Creatures
  A phantom (D:4)
  A centaur (D:5)
  A crimson imp (D:4)
  A bullfrog skeleton (D:4)
  2 iguanas (D:4)
  Natasha (twice) (D:2)
  3 worker ants (D:5)
  5 gnolls
  9 adders
  An ooze (D:2)
  5 worms
  A dart slug (D:1)
  5 leopard geckos
  4 orcs
  5 giant cockroaches
  6 goblins
  9 hobgoblins
  9 jackals
  5 kobolds
  2 quokkas
  3 ball pythons
  A ball python skeleton (D:4)
  13 bats
  3 frilled lizards
  A quokka zombie (D:2)
  7 rats
105 creatures vanquished.

Notes
Turn   | Place    | Note
-------+----------+-------------------------------------------
     0 | D:1      | Leibowitz the Merfolk Ice Elementalist began the quest for
                  | the Orb.
     0 | D:1      | Reached XP level 1. HP: 13/13 MP: 3/3
   509 | D:1      | Reached XP level 2. HP: 13/20 MP: 0/5
   827 | D:1      | Reached XP level 3. HP: 25/25 MP: 4/6
   828 | D:1      | Reached skill level 5 in Ice Magic
   871 | D:1      | Learned a level 3 spell: Frozen Ramparts
  1758 | D:2      | Reached XP level 4. HP: 27/31 MP: 3/7
  1764 | D:2      | Learned a level 4 spell: Hailstorm
  1953 | D:2      | Found a shadowy altar of Dithmenos.
  2333 | D:2      | Found a shimmering altar of Xom.
  2464 | D:2      | Reached skill level 1 in Fighting
  2464 | D:2      | Reached skill level 1 in Polearms
  2608 | D:2      | Noticed Natasha
  2613 | D:2      | Killed Natasha
  2613 | D:2      | Reached XP level 5. HP: 35/37 MP: 6/9
  2682 | D:2      | Noticed Natasha
  2691 | D:2      | Killed Natasha
  2903 | D:3      | Found a radiant altar of Vehumet.
  2912 | D:3      | Found a bloodstained altar of Trog.
  3435 | D:3      | Found a shattered altar of Ashenzari.
  3504 | D:3      | Found a shimmering blue altar of Sif Muna.
  3510 | D:3      | Became a worshipper of Sif Muna the Loreminder
  3764 | D:4      | Reached XP level 6. HP: 38/43 MP: 4/11
  3836 | D:4      | Noticed a phantom
  3866 | D:4      | Killed a phantom
  3866 | D:4      | Reached skill level 6 in Ice Magic
  4616 | D:4      | Reached XP level 7. HP: 48/48 MP: 6/13
  4703 | D:5      | Entered Level 5 of the Dungeon
  4704 | D:5      | Upgraded the game from 0.25-a0-566-g062765be81 to
                  | 0.26-a0-491-g70697cc071
  4999 | D:5      | Reached skill level 1 in Conjurations
  5185 | D:5      | Found a hide-covered altar of Uskayaw.
  6369 | D:6      | Upgraded the game from 0.26-a0-491-g70697cc071 to
                  | 0.26-a0-501-g57170428f2
  6369 | D:6      | Quit the game

Illustrated notes

Levels and vault maps discovered:
D:1:      lemuel_arrival_behind_the_door_large, layout_basic,
          minmay_pentomino_r4
D:2:      layout_basic, lemuel_round_altar, marbit_many_paths, uniq_natasha
D:3:      layout_rooms, bloody_trog, led_sif_pool, fiery_altar_vehumet,
          ashenzari_altar_1, grunt_ministairs_8, roderic_roman_lattice
D:4:      layout_basic, bh_walls_and_bars
D:5:      layout_layer_cave, nicolae_overflow_crystal_walls, first_ration
D:6:      layout_loops_ring, old_standard_altar, minmay_temple_entry_mini_moons,
          uniq_grinder

Skill      XL: |  1  2  3  4  5  6  7 |
---------------+----------------------+-----
Ice Magic      | 5 6 |  6.6
Dodging        | 3 4 |  4.1
Fighting       | 1 |  1.3
Polearms       | 1 2 |  2.6
Spellcasting   | 3 4 |  4.7
Stealth        | 3 |  3.1
Conjurations   | 1 |  1.2

Action                   |  1- 3 |  4- 6 |  7- 9 || total
-------------------------+-------+-------+-------++-------
Melee: Unarmed           |     6 |       |       ||     6
       Spear             |    45 |    81 |    38 ||   164
 Cast: Freeze            |    30 |    31 |    19 ||    80
       Frozen Ramparts   |     6 |    20 |     2 ||    28
       Hailstorm         |       |     6 |     1 ||     7
 Stab: Sleeping          |     4 |     6 |       ||    10
  Eat: Removed food      |     4 |    12 |     1 ||    17
Armor: Robe              |    26 |    18 |     4 ||    48
Dodge: Dodged            |    71 |    65 |    32 ||   168
Block: Other             |       |     2 |    10 ||    12

Table legend: (Time is in decaauts)
 A = Elapsed time spent in this place.
 B = Non-inter-level travel time spent in this place.
 C = Inter-level travel time spent in this place.
 D = Time resting spent in this place.
 E = Time spent auto-exploring this place.
 F = Levels seen in this place.
 G = Mean time per level.
                   A        B        C        D        E       F      G
               +--------+--------+--------+--------+--------+-----+--------+
         Total |   6369 |   5961 |    408 |   2052 |   2813 |   6 | 1061.5 |
       Dungeon |   6369 |   5961 |    408 |   2052 |   2813 |   6 | 1061.5 |
               +--------+--------+--------+--------+--------+-----+--------+

Top non-repeatable levels by time:
     D:5: 1662 daAuts
     D:6: 0 daAuts
Note: time per level data comes from an upgraded game and may be incomplete.
